 Dungeon Crawl Stone Soup version bcrawl-1.38.3 (webtiles) character file.

Game seed: 3137232632261365066

138110 Mrkan the Skirmisher (level 3, -4/35 HPs)
             Began as a Gnoll Wanderer on May 26, 2023.
             Slain by a worker ant (6 damage)
             ... on level 2 of the Dungeon.
             The game lasted 00:01:35 (818 turns).

Mrkan the Skirmisher (Gnoll Wanderer)                Turns: 818, Time: 00:01:35

Health: -4/35      AC:  2    Str: 17    XL:     3   Next: 45%
Magic:  6/6        EV: 11    Int: 15    God:
Gold:   84         SH:  0    Dex: 11    Spells: 3/3 levels left

rFire    . . .     GDR:     27% a - +0 short sword
rCold    . . .     SeeInvis .   (no shield)
rNeg     . . .     Gourm    .   d - +0 robe
rPois    .         Faith    .   (no helmet)
rElec    .         Spirit   .   (no cloak)
rCorr    .         Reflect  .   (no gloves)
MR       .....                  (no boots)
Stlth    ++........             (no amulet)
HPRegen  0.15/turn              (no ring)
MPRegen  0.10/turn              (no ring)

@: lethally poisoned (-4 -> -19)
A: distributed training, fangs 1, strong nose
a: no special abilities


You were on level 2 of the Dungeon.
You were hungry.

You visited 1 branch of the dungeon, and saw 2 of its levels.

You collected 84 gold pieces.

Inventory:

Hand Weapons
 a - a +0 short sword (weapon)
Armour
 d - a +0 robe (worn)
Scrolls
 f - a scroll of enchant armour {unknown}
 h - a scroll of remove curse {unknown}
 i - 3 scrolls of identify
Potions
 c - a potion of flight
 g - a potion of curing {unknown}
Miscellaneous
 b - a box of beasts
Comestibles
 e - 2 rations {!d}


   Skills:
 + Level 6.5 Fighting
 + Level 4.5 Short Blades
 + Level 0.7 Long Blades
 + Level 0.7 Axes
 + Level 0.7 Maces & Flails
 + Level 0.7 Polearms
 + Level 0.7 Staves
 + Level 0.7 Slings
 + Level 0.7 Bows
 + Level 0.7 Crossbows
 + Level 0.7 Throwing
 + Level 4.5 Armour
 + Level 0.7 Dodging
 + Level 2.6 Stealth
 + Level 0.7 Shields
 + Level 0.7 Unarmed Combat
 + Level 0.7 Spellcasting
 + Level 0.5 Conjurations
 + Level 0.5 Hexes
 + Level 0.5 Charms
 + Level 0.5 Summonings
 + Level 0.5 Necromancy
 + Level 0.5 Translocations
 + Level 0.5 Transmutations
 + Level 0.5 Fire Magic
 + Level 0.5 Ice Magic
 + Level 0.5 Air Magic
 + Level 0.5 Earth Magic
 + Level 0.5 Poison Magic
 + Level 0.9 Invocations
 + Level 4.5 Evocations


You had 3 spell levels left.
You didn't know any spells.
Your spell library was empty.

Dungeon Overview and Level Annotations

Branches:
Dungeon (2/12)

Altars:


Innate Abilities, Weirdness & Mutations

Your experience applies equally to all skills.
You have very sharp teeth.
Your uncanny sense of smell can sniff out nearby items.


Message History

* * * LOW HITPOINT WARNING * * *
You are lethally poisoned!
The worker ant poisons you! The adder barely misses you.
The worm closely misses you.
You hit the worm but do no damage. Your bite misses the worm.
The worm is almost dead.
* * * LOW HITPOINT WARNING * * *
You feel sick. The adder bites you.
* * * LOW HITPOINT WARNING * * *
You are more poisoned.
The adder poisons you! The worker ant bites you.
* * * LOW HITPOINT WARNING * * *
The worker ant misses you. The adder barely misses you.
You hit the worm but do no damage. You bite the worm.
You kill the worm!
* * * LOW HITPOINT WARNING * * *
You feel sick. The adder barely misses you. The worker ant closely misses you.
* * * LOW HITPOINT WARNING * * *
You feel sick. The worker ant bites you.
You die...

# #.#.# .....#######
#..........###
##..##..##....
$#.####....##
............##########..
...##......wg{.S@?.....#
......##########a#######
..##### ### ..# .##
..####. #...... ....##
..#..#..


You could see a worker ant, an adder, a dart slug and a goblin.

Vanquished Creatures
  A worm (D:2)
  A dart slug (D:1)
  4 leopard geckos
  5 bats
  A giant cockroach (D:1)
  2 goblins (D:1)
  3 hobgoblins (D:1)
  5 jackals (D:1)
  A quokka (D:2)
  A frilled lizard (D:1)
  3 rats
27 creatures vanquished.

Notes
Turn   | Place    | Note
-------+----------+-------------------------------------------
     0 | D:1      | Mrkan the Gnoll Wanderer began the quest for the Orb.
     0 | D:1      | Mrkan set off with the following items: a +0 short sword, a
                  | box of beasts, a potion of flight, a +0 robe, a ration {!d}
     0 | D:1      | Reached XP level 1. HP: 23/23 MP: 3/3
   116 | D:1      | Reached XP level 2. HP: 27/29 MP: 5/5
   453 | D:1      | Reached XP level 3. HP: 29/35 MP: 6/6
   818 | D:2      | Slain by a worker ant

Action                   || total
-------------------------++-------
Melee: Short sword       ||   115
       Bite              ||    11
 Stab: Sleeping          ||     3
  Eat: Chunk             ||     1
Armor: Robe              ||    34
Dodge: Dodged            ||    90
